 Dungeon Crawl Stone Soup version 0.16.1-51-g6203257 (webtiles) character file.

84 Peronor the Ruffian (level 4, 0/40 HPs)
             Began as a Draconian Monk on July 22, 2015.
             Was a Believer of Fedhas.
             Slain by a goblin (2 damage)
             ... led by Robin
             ... on level 2 of the Dungeon.
             The game lasted 00:11:17 (1274 turns).

Peronor the Ruffian (Draconian Monk)                Turns: 1274, Time: 00:11:19

Health: 0/40       AC:  6    Str: 11    XL:     4   Next: 24%
Magic:  4/4        EV: 16    Int: 11    God:    Fedhas [**....]
Gold:   54         SH:  0    Dex: 13    Spells: 0 memorised, 3 levels left

rFire  . . .     SeeInvis .     i - +0 hammer
rCold  . . .     Clarity  .     (armour unavailable)
rNeg   . . .     SustAb   .     (no shield)
rPois  .         Gourm    .     (helmet restricted)
rElec  .         Spirit   .     (no cloak)
rCorr  .         Warding  .     (no gloves)
rMut   .         Stasis   .     b - +0 pair of boots
MR     .....                    (no amulet)
Stlth  ++........               d - +3 ring of evasion
                                a - -3 ring of strength (curse)

@: not resistant to hostile enchantments, unstealthy
A: unfitting armour, deterioration 1, spit poison 1, cold-blooded, AC +5
a: Spit Poison, Evolution, Sunlight, Renounce Religion


You were on level 2 of the Dungeon.
You worshipped Fedhas.
Fedhas was pleased with you.
You were not hungry.

You visited 1 branch of the dungeon, and saw 2 of its levels.

You collected 54 gold pieces.

Inventory:

Hand weapons
 i - a +0 hammer (weapon)
Armour
 b - a +0 pair of boots (worn)
Jewellery
 a - a cursed -3 ring of strength (left hand)
 d - a +3 ring of evasion (right hand)
Scrolls
 e - 3 scrolls of teleportation
 g - a scroll of enchant weapon
Potions
 c - 2 potions of heal wounds
 f - a potion of haste
Comestibles
 h - a meat ration


   Skills:
 + Level 3.8 Fighting
 + Level 3.5 Dodging
 + Level 2.2 Stealth
 + Level 4.6 Unarmed Combat


You had 3 spell levels left.
You didn't know any spells.

Dungeon Overview and Level Annotations

Branches:
Dungeon (2/15)

Altars:
Fedhas
Trog

Annotations:
D:2 Crazy Yiuf, Robin


Innate Abilities, Weirdness & Mutations

Your plain brown scales are hard (AC +5).
Your body does not fit into most forms of armour.
Your cold-blooded metabolism reacts poorly to cold.
Your body is slowly deteriorating.
You can spit poison.


Message History

The goblin barely misses you. The goblin hits you with a dagger.
The goblin misses you. The goblin closely misses you.
You hit the goblin.
You kill the goblin!
Robin throws the goblin at you! The hobgoblin hits you.
* * * LOW HITPOINT WARNING * * *
The goblin hits you.
* * * LOW HITPOINT WARNING * * *
The goblin misses you. The goblin barely misses you.
The goblin closely misses you. The hobgoblin barely misses you.
There are monsters nearby!
There are monsters nearby!
You hit Robin but do no damage. The goblin closely misses you.
The goblin misses you. The goblin hits you with a club.
* * * LOW HITPOINT WARNING * * *
The hobgoblin closely misses you. The goblin hits you with a club.
* * * LOW HITPOINT WARNING * * *
The goblin hits you.
You die...
Fedhas appreciates your contribution to the ecosystem.

#...#..#########≈≈(#
#...#..........#≈≈.#
#.g.#..).).....'.(.#
#.g.#....÷.....'...#
#g..#..........'...#
#...#..........#≈≈##
#''##..#########≈≈#
#......#gg.# ≈≈##
#......g@g$+ ≈≈≈#
#......#gg.# ≈≈##
############ #


You could see Robin, a hobgoblin and 4 goblins.

Vanquished Creatures
  Jessica (D:2)
  An adder (D:2)
  2 giant geckos
  15 goblins
  9 hobgoblins
  3 ball pythons (D:1)
  6 bats
  4 giant newts
  6 jackals
  3 kobolds
  2 rats
52 creatures vanquished.

Vanquished Creatures (others)
  11 toadstools (D:2)
11 creatures vanquished.

Grand Total: 63 creatures vanquished

Notes
Turn   | Place    | Note
--------------------------------------------------------------
     0 | D:1      | Peronor, the Draconian Monk, began the quest for the Orb.
     0 | D:1      | Reached XP level 1. HP: 19/19 MP: 1/1
   111 | D:1      | Reached XP level 2. HP: 19/26 MP: 2/2
   679 | D:2      | Reached XP level 3. HP: 23/31 MP: 3/3
   718 | D:2      | Noticed Jessica
   726 | D:2      | Killed Jessica
   804 | D:2      | Found a blossoming altar of Fedhas.
   813 | D:2      | Became a worshipper of Fedhas Madash
   813 | D:2      | Acquired Fedhas' first power
   813 | D:2      | Acquired Fedhas' second power
   836 | D:2      | Gained mutation: Your body is slowly deteriorating. [potion of mutation]
   836 | D:2      | Gained mutation: You can spit poison. [potion of mutation]
   851 | D:2      | Noticed Crazy Yiuf
   907 | D:2      | Found a bloodstained altar of Trog.
  1018 | D:2      | Reached XP level 4. HP: 36/40 MP: 4/4
  1246 | D:2      | Noticed Robin
  1274 | D:2      | HP: 2/40 [goblin/club[Robin] (2)]
  1274 | D:2      | Slain by a goblin

Action                   |  1- 3 |  4- 6 || total
-------------------------+-------+-------++-------
Melee: Unarmed           |   118 |       ||   118
       Hammer            |    26 |    35 ||    61
 Abil: Spit Poison       |       |     1 ||     1
  Use: Scroll            |     5 |       ||     5
       Potion            |     3 |       ||     3
 Stab: Sleeping          |     4 |       ||     4
       Distracted        |     1 |       ||     1
  Eat: Bread ration      |     1 |       ||     1
